 Dungeon Crawl Stone Soup version 0.30-a0-341-g682706514a (webtiles) character file.

Game seed: 13478550429718263614

84 retardedninja the Trooper (level 4, -1/41 HPs)
             Began as a Hill Orc Fighter on Nov 2, 2022.
             Slain by Edmund
             ... wielding a +5 flail of venom
              (3 damage)
             ... on level 4 of the Dungeon.
             The game lasted 00:02:14 (1361 turns).

retardedninja the Trooper (Hill Orc Fighter)        Turns: 1361, Time: 00:02:14

Health: -1/41      AC:  7    Str: 20    XL:     4   Next: 45%
Magic:  4/4        EV:  9    Int:  8    God:
Gold:   25         SH:  4    Dex: 10    Spells: 3/3 levels left

rFire   . . .      SeeInvis .    a - +0 war axe
rCold   . . .      Faith    .    c - +0 buckler
rNeg    . . .      Spirit   .    b - +0 scale mail
rPois   .          Reflect  .    (no helmet)
rElec   .          Harm     .    (no cloak)
rCorr   .          Rampage  .    (no gloves)
Will    .....                    (no boots)
Stlth   ..........               (no amulet)
HPRegen 0.26/turn                (no ring)
MPRegen 0.09/turn                (no ring)

@: mighty, lethally poisoned (-1 -> -10)
A: no striking features
a: no special abilities


You were on level 4 of the Dungeon.
You visited 1 branch of the dungeon, and saw 3 of its levels.

You collected 25 gold pieces.

Inventory:

Hand Weapons
 a - a +0 war axe (weapon)
Armour
 b - a +0 scale mail (worn)
 c - a +0 buckler (worn)
Scrolls
 e - a scroll of amnesia {unknown}
 f - a scroll of enchant weapon {unknown}
 g - a scroll of fear {unknown}
 h - a scroll of fog {unknown}
 l - 3 scrolls of noise {unknown}
 m - 2 scrolls of brand weapon {unknown}
 o - 2 scrolls of identify {unknown}
 p - 2 scrolls of teleportation {unknown}
Potions
 i - a potion of attraction {unknown}
 j - a potion of flight {unknown}
 k - 2 potions of curing {unknown}
 n - a potion of degeneration {unknown}


   Skills:
 + Level 4.4 Fighting
 + Level 3.8 Axes
 + Level 3.9 Armour
 + Level 4.0 Shields


You had 3 spell levels left.
You didn't know any spells.
Your spell library contained the following spells:

 Spells                   Type           Power      Damage    Failure   Level
 Cause Fear               Hex            0%         N/A       100%        4
 Dragon Form              Tmut           0%         N/A       100%        7
 Dragon's Call            Summ           0%         N/A       100%        9


Dungeon Overview and Level Annotations

Branches:
Dungeon (4/15)
 Temple: D:4-7

Altars:

Annotations:
D:4 Edmund


Message History

The hound skeleton bites you.
The kobold hits you with a +0 short sword.
Edmund barely misses you.
Unknown command.
You closely miss Edmund.
Edmund is lightly wounded.
You hit the hound skeleton.
You destroy the hound skeleton!
You hit the kobold. You barely miss the adder zombie.
The adder zombie bites you but does no damage.
The kobold barely misses you.
Edmund hits you with a +5 flail of venom!
The adder zombie barely misses you. The kobold hits you but does no damage.
Edmund hits you with a +5 flail of venom!
Your Shields skill increases to level 4!
You barely miss Edmund.
Edmund is lightly wounded.
You slash the howler monkey zombie! You hit the kobold.
You kill the kobold!
You slash the adder zombie! You block the adder zombie's attack.
The howler monkey zombie barely misses you.
Edmund hits you with a +5 flail of venom!
* * * LOW HITPOINT WARNING * * *
You slash Edmund!
Edmund is moderately wounded.
You slash the howler monkey zombie! You slash the adder zombie!
You destroy the adder zombie!
Edmund barely misses you.
The howler monkey zombie hits you but does no damage.
Unknown command.
You slash Edmund!
Edmund is heavily wounded.
You slash the howler monkey zombie!
You destroy the howler monkey zombie!
Edmund hits you with a +5 flail of venom!
* * * LOW HITPOINT WARNING * * *
You are lethally poisoned!
Edmund says, "Everyone always remembers my brother. 'Who's Edmund?' they ask!"
Edmund hits you with a +5 flail of venom.
You die...

###.......#
#....>.....
##..........
#........##.
###.....###
####.......# .
##.#.......##
.>..#.............
#......@..........#
.......@)........#.
...#.............#
.. #....##..#....#
. #........##....
#..... ..# ...
.....$. ... ..
.##....#....


You could see Edmund.

Vanquished Creatures
  A hound skeleton (D:4)
  A howler monkey zombie (D:4)
  An adder (D:2)
  An adder zombie (D:4)
  2 worms (D:2)
  7 ball pythons
  An endoplasm (D:1)
  2 giant cockroaches
  5 goblins
  6 hobgoblins
  3 jackals (D:1)
  3 quokkas
  3 bats (D:2)
  4 frilled lizards (D:1)
  4 kobolds
  11 rats
55 creatures vanquished.

Notes
Turn   | Place    | Note
-------+----------+-------------------------------------------
     0 | D:1      | retardedninja the Hill Orc Fighter began the quest for the
                  | Orb.
     0 | D:1      | Reached XP level 1. HP: 19/19 MP: 1/1
   103 | D:1      | Reached XP level 2. HP: 26/27 MP: 2/2
   507 | D:1      | Found a faded altar of an unknown god.
   634 | D:1      | Reached XP level 3. HP: 31/33 MP: 3/3
   976 | D:2      | Reached XP level 4. HP: 25/40 MP: 4/4
  1337 | D:2      | You fall into a shaft and drop 2 floors!
  1350 | D:4      | Noticed Edmund
  1361 | D:4      | HP: 2/41 [Edmund/+5 flail of venom (9)]
  1361 | D:4      | Slain by Edmund

Illustrated notes

Levels and vault maps discovered:
D:1:      lightli_arrival_flooded_house, layout_loops_ring,
          chequers_ecumenical_altar_grove, minmay_rat_gold_closets
D:2:      layout_basic, grunt_ministairs_1, minmay_tromino_v7, uniq_terence
D:4:      layout_cave_pools, serial_undead, serial_undead_d, serial_undead_e,
          serial_undead_a, serial_undead_b, serial_undead_f, serial_undead_a,
          uniq_duvessa, uniq_edmund

Skill      XL: |  1  2  3  4 |
---------------+-------------+-----
Axes           | 3 |  3.8
Fighting       | 4 |  4.4
Shields        | 4 |  4.0
Armour         | |  3.9

Action                   |  1- 3 |  4- 6 || total
-------------------------+-------+-------++-------
Melee: War axe           |   127 |    21 ||   148
  Use: Potion            |       |     1 ||     1
Armor: Scale mail        |    72 |    15 ||    87
Dodge: Dodged            |    71 |    13 ||    84
Block: Buckler           |    41 |     3 ||    44

Table legend: (Time is in decaauts)
 A = Elapsed time spent in this place.
 B = Non-inter-level travel time spent in this place.
 C = Inter-level travel time spent in this place.
 D = Time resting spent in this place.
 E = Time spent auto-exploring this place.
 F = Levels seen in this place.
 G = Mean time per level.
                   A        B        C        D        E       F      G
               +--------+--------+--------+--------+--------+-----+--------+
         Total |   1415 |   1401 |     14 |    242 |    841 |   3 |  471.7 |
       Dungeon |   1415 |   1401 |     14 |    242 |    841 |   3 |  471.7 |
               +--------+--------+--------+--------+--------+-----+--------+

Top non-repeatable levels by time:
     D:1: 940 daAuts
     D:2: 450 daAuts
     D:4: 25 daAuts
